 Dungeon Crawl Stone Soup version 0.29.1-2-gbd0b4ee654 (webtiles) character file.

Game seed: 12715097578881190908

93 safid the Shooter (level 4, -5/41 HPs)
             Began as a Minotaur Hunter on Nov 1, 2022.
             Killed by nerve-wracking pain
             ... invoked by an orc priest
              (14 damage)
             ... on level 3 of the Dungeon on Nov 2, 2022.
             The game lasted 00:03:25 (1892 turns).

safid the Shooter (Minotaur Hunter)                 Turns: 1892, Time: 00:03:26

Health: -5/41      AC:  7    Str: 15    XL:     4   Next: 36%
Magic:  3/3        EV: 10    Int:  6    God:
Gold:   137        SH:  0    Dex: 16    Spells: 3/3 levels left

rFire   . . .      SeeInvis .   a - +0 shortbow
rCold   . . .      Faith    .   (shield currently unavailable)
rNeg    . . .      Spirit   .   m - +0 scale mail
rPois   .          Reflect  .   (helmet restricted)
rElec   .          Harm     .   (no cloak)
rCorr   .          Rampage  .   (no gloves)
Will    .....                   q - +0 pair of boots
Stlth   ..........              e - amulet of regeneration
HPRegen 0.93/turn               (no ring)
MPRegen 0.08/turn               (no ring)

@: brilliant, lethally poisoned (-5 -> -19), hasted, very quick
A: horns 2, retaliatory headbutt
a: no special abilities


You were on level 3 of the Dungeon.
You visited 1 branch of the dungeon, and saw 3 of its levels.

You collected 137 gold pieces.

Inventory:

Hand Weapons
 a - a +0 shortbow (weapon)
Armour
 m - a +0 scale mail (worn)
 q - a +0 pair of boots (worn)
Jewellery
 e - an amulet of regeneration (around neck)
 k - a ring of fire
Scrolls
 b - a scroll of noise {unknown}
 c - a scroll of enchant armour {unknown}
 d - a scroll of silence {unknown}
 f - a scroll of amnesia {unknown}
 g - 4 scrolls of vulnerability {unknown}
 l - 2 scrolls of fear {unknown}
 n - a scroll of poison {unknown}
Potions
 h - a potion of berserk rage {unknown}
 i - a potion of brilliance
 j - a potion of degeneration {unknown}
 o - a potion of haste
 p - a potion of might {unknown}


   Skills:
 + Level 4.3 Fighting
 + Level 5.5 Ranged Weapons
 - Level 2.1 Dodging
 - Level 0.7 Stealth


You had 3 spell levels left.
You didn't know any spells.
Your spell library contained the following spells:

 Spells                   Type           Power      Damage    Failure   Level
 Beastly Appendage        Tmut           0%         N/A       91%         1
 Sandblast                Erth           0%         2d4       91%         1
 Passwall                 Tmut/Erth      0%         N/A       97%         2
 Wereblood                Tmut           0%         N/A       97%         2
 Spider Form              Tmut/Pois      0%         N/A       99%         3
 Stone Arrow              Conj/Erth      0%         3d7       99%         3


Dungeon Overview and Level Annotations

Branches:
Dungeon (3/15)

Altars:

Shops:
D:1 !


Innate Abilities, Weirdness & Mutations

You have a pair of horns on your head.
You reflexively headbutt those who attack you in melee.


Message History

You shoot an arrow. The arrow barely misses the orc wizard.
The orc shouts!
The orc priest shouts!
You shoot an arrow.
The arrow closely misses the orc wizard.
The arrow hits the orc!
You kill the orc!
The orc wizard gestures at you while chanting.
The magic dart hits you.
You shoot an arrow. The arrow hits the orc wizard.
The orc wizard is lightly wounded.
You shoot an arrow.
The arrow hits the orc wizard but does no damage.
The orc wizard is lightly wounded.
The orc wizard hits you but does no damage.
You shoot an arrow. The arrow hits the orc wizard.
The orc wizard is lightly wounded.
The orc wizard casts a spell.
The orc wizard flickers and vanishes!
Deactivating autopickup; reactivate with Ctrl-A.
The orc priest mumbles some strange prayers to Beogh against you.
Beogh smites you!
The orc hits you with a +0 mace of venom.
You are poisoned.
Something hits you but does no damage.
The orc hits you with a +0 mace of venom!
You are more poisoned.
Unknown command.
It was a potion of brilliance.
You feel clever all of a sudden.
You feel very sick. Something hits you but does no damage.
The orc hits you but does no damage.
You are lethally poisoned!
Unknown command.
It was a potion of haste.
You feel yourself speed up.
* * * LOW HITPOINT WARNING * * *
You feel very sick. Something hits you but does no damage.
The orc priest invokes the aid of Beogh against you.
Pain shoots through your body!
You die...

##.......).....#
................#
#.##.........#####
.. #.........#####
# #.............#
#...........[..#
###..#
#...........)...
....#
#..###...........
##########.
#.@o........
........#
#.o{........
..#####...
....?........
#####..
..............
......#
...............
.######
...............
.......
.............[.
####..#
.♣+♣♣♣+♣....... #


You could see an orc priest and an orc.

Vanquished Creatures
  5 adders
  3 dart slugs
  4 orcs (D:3)
  7 bats
  2 giant cockroaches (D:2)
  4 goblins
  2 quokkas
  2 ball pythons
  5 frilled lizards
  4 kobolds
  4 rats
42 creatures vanquished.

Notes
Turn   | Place    | Note
-------+----------+-------------------------------------------
     0 | D:1      | safid the Minotaur Hunter began the quest for the Orb.
     0 | D:1      | Reached XP level 1. HP: 18/18 MP: 0/0
   100 | D:1      | Found Isiesaohe's Distillery.
   282 | D:1      | Reached XP level 2. HP: 26/26 MP: 1/1
   439 | D:1      | Found a faded altar of an unknown god.
   929 | D:2      | Reached skill level 5 in Ranged Weapons
   929 | D:2      | Reached XP level 3. HP: 28/31 MP: 2/2
  1647 | D:3      | Reached XP level 4. HP: 40/40 MP: 3/3
  1884 | D:3      | Identified the +0 ring mail of Action {rF+}
  1892 | D:3      | Killed from afar by an orc priest

Illustrated notes

Levels and vault maps discovered:
D:1:      nzn_arrival_crosshair, layout_loops_ring,
          dreamdust_ecumenical_altar_grove, serial_shops, shop
D:2:      layout_loops_corners
D:3:      layout_rooms, zin_scriptorium, mainiacjoe_overflow_six_doors_small,
          dk_yredelemnul_ordeal

Skill      XL: |  1  2  3 |
---------------+----------+-----
Fighting       | 3 4 |  4.3
Ranged Weapons | 5 |  5.5
Dodging        | |  2.1
Stealth        | |  0.7

Action                   |  1- 3 |  4- 6 || total
-------------------------+-------+-------++-------
 Fire: Shortbow          |   113 |    21 ||   134
  Use: Potion            |       |     2 ||     2
Armor: Leather armour    |    16 |       ||    16
       Scale mail        |     1 |     6 ||     7
Dodge: Dodged            |    29 |     4 ||    33
